AoeStats
← Erich Müller

Lombardia

508703582Analyzed
4v4 RM · 10d ago on Sep 23, 2026· 51m 2s· 8 players
Game mode
Random Map
Map size
Large (8 player)
Population
200
Speed
Normal
Resources
Standard
Victory
Conquest
Starting age
Dark Age
Ending age
Imperial Age
RankedLock teamsTeams togetherTeam positionsShared explorationLock speedFull tech treeHidden civsTurbo modeCheats
Victory
Defeat
🇬🇧 Portuguese · United Kingdom
1540
+18
🇹🇷 Mongols · Türkiye
1520
+19
🇳🇴 Lithuanians · Norway
1513
+19
🇩🇪 Bengalis · Germany
1496
+20
🇩🇪 Bulgarians · Germany
1639
-21
🇩🇪 Huns · Germany
1632
-21
🇩🇪 Koreans · Germany
1604
-20
🇩🇪 Franks · Germany
1462
-14
daMastah2
10:00 Feudal Age
8:18 Loom
14:39 Castle Age
12:54 Double-Bit Axe
13:54 Horse Collar
15:49 Bow Saw
17:48 Heavy Plow
21:59 Stone Mining
23:07 Gold Mining
24:10 Stone Shaft Mining
24:21 Wheelbarrow
24:48 Fervor
26:43 Hand Cart
26:14 Town Watch
27:09 Scale Barding Armor
27:15 Forging
28:37 Chain Barding Armor
29:37 Iron Casting
29:51 Bloodlines
29:41 Husbandry
33:08 Imperial Age
32:26 Ballistics
31:46 Treadmill Crane
32:17 Masonry
32:00 Fletching
33:21 Bodkin Arrow
34:26 Plate Barding Armor
33:21 Elite Leitis
34:28 Conscription
34:59 Hoardings
35:03 Bracer
37:28 Coinage
36:59 Caravan
39:11 Architecture
39:43 Chemistry
38:39 Murder Holes
39:33 Banking
41:09 Two-Man Saw
41:08 Crop Rotation
40:56 Guilds
49:00 Town Patrol
Frankie Fast Hands
9:40 Feudal Age
10:29 Double-Bit Axe
11:37 Horse Collar
14:31 Wheelbarrow
15:46 Bloodlines
17:26 Forging
18:28 Gold Mining
20:59 Castle Age
20:21 Scale Barding Armor
22:05 Chain Barding Armor
21:48 Husbandry
27:46 Iron Casting
31:04 Loom
32:57 Bow Saw
33:39 Heavy Plow
34:03 Light Cavalry
39:28 Hand Cart
43:13 Caravan
47:19 Imperial Age
45:58 Town Watch
47:12 Stone Mining
47:43 Capped Ram
47:47 Cavalier
49:07 Plate Barding Armor
49:32 Blast Furnace
49:13 Fletching
50:20 Ballistics
51:00 Chemistry
50:06 Siege Engineers
50:48 Crossbowman
51:33 Thumb Ring
Scheiße
7:48 Feudal Age
8:40 Double-Bit Axe
11:32 Horse Collar
21:36 Castle Age
20:00 Forging
21:35 Bloodlines
21:56 Scale Barding Armor
22:37 Bow Saw
23:01 Husbandry
24:33 Chain Barding Armor
24:21 Light Cavalry
26:40 Iron Casting
28:16 Wheelbarrow
38:50 Imperial Age
39:52 Hand Cart
39:00 Elite Steppe Lancer
41:13 Blast Furnace
40:00 Loom
45:52 Heavy Plow
50:59 Caravan
50:36 Hussar
gamelnderGamler
11:43 Feudal Age
15:15 Castle Age
13:12 Double-Bit Axe
13:54 Horse Collar
17:21 Bow Saw
20:57 Heavy Plow
23:31 Wheelbarrow
23:26 Loom
25:09 Hand Cart
28:02 Imperial Age
25:35 Fletching
26:23 Gold Mining
26:36 Bodkin Arrow
26:53 Stone Mining
27:40 Gold Shaft Mining
28:19 Padded Archer Armor
28:50 Bracer
29:52 Chemistry
29:29 Ballistics
31:03 Elite Elephant Archer
32:44 Leather Archer Armor
32:44 Elite Skirmisher
34:30 Ring Archer Armor
33:28 Siege Elephant
39:03 Husbandry
39:14 Bloodlines
40:33 Two-Man Saw
40:56 Crop Rotation
41:27 Siege Engineers
44:39 Caravan
45:56 Conscription
46:30 Paiks
chrizbee
8:23 Loom
10:29 Feudal Age
14:29 Castle Age
12:51 Double-Bit Axe
21:15 Wheelbarrow
20:58 Gold Mining
21:29 Stone Mining
21:29 Horse Collar
22:57 Bow Saw
23:13 Town Watch
24:21 Caravan
26:17 Gold Shaft Mining
26:18 Stone Shaft Mining
26:24 Hand Cart
26:34 Fletching
27:43 Bodkin Arrow
31:54 Imperial Age
31:53 Ballistics
31:45 Masonry
33:33 Chemistry
32:39 Bracer
36:56 Pikeman
37:39 Squires
37:40 Scale Mail Armor
38:33 Forging
39:27 Chain Mail Armor
40:03 Iron Casting
39:45 Halberdier
40:25 Squires
40:11 Arson
41:39 Plate Mail Armor
44:15 Conscription
43:59 Eupseong
44:55 Heavy Rocket Cart
48:01 Architecture
47:42 Fortified Wall
47:38 Siege Engineers
47:14 Treadmill Crane
47:24 Arrowslits
47:45 Siege Engineers
KeremS
10:05 Feudal Age
10:34 Loom
14:34 Castle Age
12:45 Double-Bit Axe
19:20 Horse Collar
22:57 Bow Saw
23:30 Wheelbarrow
24:41 Gold Mining
24:42 Stone Mining
26:51 Heavy Plow
27:38 Hand Cart
32:00 Imperial Age
30:56 Scale Barding Armor
31:02 Forging
32:05 Chain Barding Armor
32:21 Iron Casting
31:48 Scale Mail Armor
32:41 Bloodlines
32:31 Husbandry
32:41 Stirrups
33:35 Plate Barding Armor
34:01 Blast Furnace
33:20 Chain Mail Armor
34:01 Squires
33:48 Arson
34:45 Gold Shaft Mining
35:08 Conscription
34:40 Elite Konnik
36:02 Caravan
37:36 Plate Mail Armor
43:08 Stone Shaft Mining
44:48 Chemistry
44:35 Pikeman
45:30 Halberdier
48:55 Siege Engineers
50:01 Crop Rotation
Erich Müller
5:57 Loom
8:22 Feudal Age
9:47 Double-Bit Axe
11:01 Horse Collar
21:10 Castle Age
19:16 Fletching
20:23 Bloodlines
21:21 Gold Mining
21:54 Bodkin Arrow
22:23 Husbandry
27:28 Ballistics
36:38 Wheelbarrow
36:52 Thumb Ring
38:39 Thumb Ring
39:22 Hand Cart
43:43 Imperial Age
41:02 Town Watch
44:29 Padded Archer Armor
44:46 Bracer
45:48 Chemistry
45:24 Parthian Tactics
46:25 Leather Archer Armor
48:32 Heavy Cavalry Archer
canttouchme
8:30 Loom
11:04 Feudal Age
11:45 Double-Bit Axe
15:32 Castle Age
14:42 Scale Barding Armor
23:32 Wheelbarrow
29:17 Imperial Age
26:59 Husbandry
30:35 Coinage
30:26 Chain Barding Armor
30:58 Cavalier
36:12 Plate Barding Armor
36:13 Bow Saw
38:42 Paladin
39:58 Hand Cart
40:20 Coinage
40:22 Gold Mining
41:09 Forging
42:19 Chemistry
42:55 Light Cavalry
50:15 Iron Casting
Connection lost

Rejoining the realm…

Still unreachable

The connection could not be restored.

Session expired

The server has moved on; the page needs a fresh start.